 Dungeon Crawl Stone Soup version 0.17-a0-1248-g117de50 (webtiles) character file.

285847 Zwobot the Slayer (level 21, 0/205 HPs)
             Began as a Hill Orc Gladiator on June 5, 2015.
             Was the Champion of Makhleb.
             Shot with a bolt of penetration by a vault sentinel (22 damage)
             ... on level 3 of the Vaults.
             The game lasted 03:12:20 (42267 turns).

Zwobot the Slayer (Hill Orc Gladiator)             Turns: 42267, Time: 03:12:20

Health: 0/205      AC: 22    Str: 24    XL:     21   Next: 2%
Magic:  24/24      EV: 23    Int: 12    God:    Makhleb [******]
Gold:   623        SH:  0    Dex: 14    Spells: 1 memorised, 17 levels left

rFire  . . .     SeeInvis +     a - +3 battleaxe (vamp)
rCold  + + .     Clarity  .     U - +4 troll leather armour "Papp" {rC+ MR+ Regen+}
rNeg   . . .     SustAt   .     (no shield)
rPois  .         Gourm    .     T - +0 mask of the Dragon {MR+ Slay+3 SInv}
rElec  .         Spirit   .     e - +1 cloak
rCorr  +         Warding  .     A - +0 pair of gloves {Dex+3}
rMut   .         Stasis   .     j - +2 pair of boots
MR     +++..                    Y - amulet of resist corrosion
Stlth  +.........               x - +3 ring of evasion
                                w - +3 ring of protection

@: liquid flames, about to teleport, marked, very slightly contaminated,
glowing, extremely resistant to hostile enchantments, very unstealthy
A: cold resistance 1
a: Minor Destruction, Lesser Servant of Makhleb, Major Destruction, Greater
Servant of Makhleb, Renounce Religion
}: 1/15 runes: gossamer


You were on level 3 of the Vaults.
You worshipped Makhleb.
Makhleb was exalted by your worship.
You were hungry.

You visited 7 branches of the dungeon, and saw 40 of its levels.
You also visited: Labyrinth.

You collected 4371 gold pieces.
You spent 3748 gold pieces at shops.

Inventory:

Hand weapons
 a - a +3 vampiric battleaxe (weapon)
 b - a +0 blowgun
 s - a +8 battleaxe of freezing
Missiles
 d - 2 throwing nets
 N - 11 curare-tipped needles
 Q - 68 poisoned needles
 Z - 3 javelins (quivered)
Armour
 e - a +1 cloak (worn)
 j - a +2 pair of boots (worn)
 A - a +0 pair of gloves of dexterity (worn)
 O - a swamp dragon hide
 T - the +0 mask of the Dragon (worn) {MR+ Slay+3 SInv}
   (You bought it in a shop on level 9 of the Dungeon)

   It affects your accuracy and damage with ranged weapons and melee attacks
   (+3).
   It affects your resistance to hostile enchantments.
   It lets you see invisible.
 U - the +4 troll leather armour "Papp" (worn) {rC+ MR+ Regen+}
   (You bought it in a shop on level 9 of the Dungeon)

   It protects you from cold.
   It affects your resistance to hostile enchantments.
   It increases your rate of regeneration.
Jewellery
 l - an uncursed ring of positive energy
 m - an uncursed ring of fire
 n - an uncursed amulet of rage
 q - an uncursed ring of poison resistance
 w - a +3 ring of protection (left hand)
 x - a +3 ring of evasion (right hand)
 Y - an amulet of resist corrosion (around neck)
Magical devices
 c - a wand of invisibility (5)
 u - a wand of enslavement (13)
 v - a wand of fireball (2)
 B - a wand of heal wounds (8)
 G - a wand of fire (7)
 H - a wand of cold (9)
 K - a wand of hasting (7)
 M - a wand of disintegration (3)
 V - a wand of confusion (36)
 X - a wand of digging (9)
Scrolls
 g - 3 scrolls of fog
 h - 20 scrolls of teleportation
 k - 4 scrolls of magic mapping
 t - 22 scrolls of remove curse
 y - 6 scrolls of enchant armour
 C - 2 scrolls of silence
 I - 4 scrolls of recharging
 L - 5 scrolls of identify
 P - 2 scrolls of fear
 W - 3 scrolls of blinking
Potions
 i - 6 potions of curing
 p - 2 potions of haste
 z - a potion of cancellation
 F - 4 potions of resistance
 J - 5 potions of flight
 R - a potion of agility
 S - 3 potions of might
Miscellaneous
 f - a phantom mirror
 o - a fan of gales
 r - an ornate deck of changes {the Alchemist}
Comestibles
 D - 17 meat rations
 E - 14 bread rations


   Skills:
 + Level 21.5 Fighting
 - Level 20.0 Axes
 - Level 6.9 Throwing
 - Level 16.0 Armour
 + Level 13.1 Dodging
 - Level 6.0 Stealth
 - Level 9.1 Charms
 + Level 10.4 Necromancy
 - Level 5.0 Invocations
 - Level 5.0 Evocations


You had 17 spell levels left.
You knew the following spells:

 Your Spells              Type           Power        Failure   Level  Hunger
a - Regeneration          Chrm/Necr      ###.......   1%          3    ####...


Dungeon Overview and Level Annotations

Branches:
Dungeon (15/15) Temple (1/1) D:4 Lair (8/8) D:10 Swamp (4/4) Lair:3 Spider (4/4) Lair:4 Slime (0/6) Lair:8 Orc (4/4) D:11 Elf (0/3) Orc:3 Vaults (4/5) D:14 Crypt (0/3) Vaults:2 Vaults:3 Depths (0/5) D:15

Altars:
Ashenzari
Cheibriados
Dithmenos
Elyvilon
Fedhas
Gozag
Kikubaaqudgha
Makhleb
Nemelex Xobeh
Okawaru
Qazlal
Ru
Sif Muna
Trog
Vehumet
Xom
Yredelemnul
Zin
The Shining One
Jiyva

Shops:
D:5 %   D:9 [:   D:11 *   D:13 (   Orc:4 ((*?}   Vaults:4 [

Portals:
Hell: Lair:8
Trove: Vaults:4 (give +3 gold dragon armour)

Annotations:
D:10 exclusion: ice statue
Vaults:3 Mennas


Innate Abilities, Weirdness & Mutations

Your flesh is cold resistant.


Message History

Blink to where?
Press: ? - help, Dir - move target cursor You are very lightly contaminated with residual magic.
As you read the scroll of blinking, it crumbles to dust.
You are covered in liquid flames!
* * * LOW HITPOINT WARNING * * *
Read which item? (? for menu, Esc to quit)
As you read the scroll of teleportation, it crumbles to dust.
You feel strangely unstable.
You are covered in liquid flames!
* * * LOW HITPOINT WARNING * * *
The salamander stormcaller begins to chant a fire storm spell!
You are covered in liquid flames!
* * * LOW HITPOINT WARNING * * *
The vault sentinel blows a loud note on a signal horn!
You are covered in liquid flames!
* * * LOW HITPOINT WARNING * * *
The vault sentinel shoots a bolt of penetration.
The bolt of penetration pierces through you!!
You die...

,,,............................#
***#######.....................#
,,,,* #.......############..#
,,,,* #(......# *..# ,,,,*
#.......# *,.# ,,,,* #(......#
*,,* ,,,,* #).?...(# *,,* *****
#.......#********* *,,*
#......@#,,*,,*,,* *,,*
#.......#,,*,,*,,* *,,* ******
#...pv..#**+**+*** *,,* **,,,,**
#...v..(#,,*,,*,,* *,,*
*,,**,,**#.....).#,,*,,*,,* *,,*
,,****,,*#.....)(#**+**+*** *,,*
,,** **,,#....))v#,,*,,*,,* *,,*
*,,** **,#....vv(#,,*,,*,,* *,,*
**,,** **#...v.).#**+**+*** *,,*


You could see a vault sentinel and 5 fire vortices.

Vanquished Creatures
  Norris (Vaults:3)
  Saint Roka (Vaults:1)
  Arachne (Spider:4)
  Rupert (D:14)
  An ancient champion (Vaults:2)
  4 sphinxes
  2 thorn hunters (Swamp:2)
  Kirke (Lair:6)
  A storm dragon (D:15)
  5 fire giants
  A tengu reaver (D:15)
  Wiglaf (Spider:3)
  4 ghost moths (Spider:4)
  Aizul (Swamp:1)
  12 vault wardens
  8 emperor scorpions
  9 ironheart preservers
  6 stone giants
  3 dire elephants
  An ettin (Vaults:3)
  A minotaur (Lab)
  A minotaur (shapeshifter) (Vaults:3)
  A crystal guardian (Vaults:2)
  An eidolon (Vaults:2)
  5 vault guards
  A jiangshi (Vaults:2)
  6 great orbs of eyes
  2 fire dragons
  6 yaktaur captains
  The ghost of Bull the Quickloader, a powerful MiFi of Gozag (D:12)
  2 ice dragons (Vaults:2)
  11 hydras
  2 entropy weavers (Spider:2)
  2 ghost crabs
  A rakshasa (Vaults:2)
  Erica (Lair:1)
  2 deep troll earth magi (Vaults:2)
  9 alligators
  7 centaur warriors
  3 salamander stormcallers
  9 death yaks
  7 ogre magi
  A tengu warrior (D:14)
  2 deep troll shamans
  The ghost of Charly the Martial Artist, an experienced DsMo of Cheibriados (D:12)
  3 deep elf knights
  A fire crab (Vaults:3)
  6 deep trolls
  3 skeletal warriors (Vaults:2)
  2 shadow wraiths
  3 giant orange brains
  4 unseen horrors
  3 spriggan druids
  12 hill giants
  A giant orange brain (shapeshifter) (Vaults:4)
  A deep elf summoner (Vaults:2)
  4 swamp dragons
  A flayed ghost (D:15)
  6 necromancers
  18 ironbrand convokers
  9 griffons
  11 orc knights
  27 ugly things
  24 wolf spiders
  4 orc sorcerers
  11 orb spiders
  A harpy (shapeshifter) (Vaults:4)
  A tengu skeleton (Vaults:4)
  3 wizards
  A manticore (D:13)
  A centaur zombie (D:14)
  2 stone giant zombies (Vaults:4)
  A sixfirhy (Lair:8)
  A stone giant skeleton (Vaults:4)
  An octopode (shapeshifter) (D:15)
  A guardian serpent (shapeshifter) (D:15)
  5 cyclopes
  6 hornets
  12 vault sentinels
  8 black mambas
  25 elephants
  A smoke demon (Lair:8)
  A torpor snail (Spider:1)
  An orange crystal statue (Vaults:4)
  3 gargoyles
  24 spiny frogs
  26 yaktaurs
  4 orange demons (Lair:8)
  A yaktaur zombie (Vaults:4)
  4 blue devils (Lair:8)
  An efreet (D:14)
  12 komodo dragons
  8 demonic crawlers
  A fire drake (Lair:8)
  A hellwing (Lair:8)
  2 kobold demonologists
  3 tengu conjurers
  A red devil (Lair:8)
  22 jumping spiders
  11 trolls
  A queen bee (Lair:2)
  A deep elf priest (Vaults:3)
  A polar bear (Lair:8)
  9 freezing wraiths
  A merfolk (D:15)
  16 two-headed ogres
  3 fire vortices (Vaults:3)
  3 wind drakes (shapeshifter)
  9 blink frogs
  6 giant leeches
  7 ravens
  8 bog bodies
  A slime creature (shapeshifter) (D:15)
  5 boulder beetles
  29 slime creatures
  15 trapdoor spiders
  36 redbacks
  A shadow (D:15)
  19 tarantellas
  A spriggan (shapeshifter) (Vaults:2)
  6 spriggans
  3 wraiths
  Sigmund (D:5)
  A deep elf mage (D:14)
  8 hippogriffs
  A vampire (D:15)
  2 hungry ghosts
  3 wyverns
  A human (shapeshifter) (D:13)
  Eustachio (D:6)
  The ghost of Vikmgn the Chopper, an average HOFi (D:3)
  3 humans
  4 basilisks
  61 yaks
  5 hogs (Lair:6)
  6 deep elf fighters
  18 swamp worms
  13 insubstantial wisps
  7 wargs
  10 wolves
  A yaktaur simulacrum (Vaults:1)
  Edmund (D:6)
  26 vampire mosquitoes
  32 water moccasins
  2 mottled dragons
  2 sky beasts
  6 ice beasts
  5 swamp drakes
  7 wasps
  14 porcupines
  2 black bears
  54 orc warriors
  27 spiders
  36 ogres
  A hell hound (Lair:8)
  An ettin simulacrum (Vaults:4)
  5 boggarts (Vaults:2)
  19 centaurs
  14 crocodiles
  A big kobold (D:9)
  A brain worm (D:14)
  Blork the orc (D:6)
  A gnoll sergeant (D:6)
  19 giant frogs
  A wyvern zombie (D:11)
  4 wights (D:10)
  3 scorpions
  17 killer bees (Lair:2)
  3 electric eels
  2 giant frog zombies
  3 centaur skeletons
  2 quasits
  9 crimson imps
  A gnoll shaman (D:7)
  17 orc priests
  A giant frog skeleton (D:9)
  3 jellies
  Crazy Yiuf (D:6)
  Ijyb (D:2)
  3 hounds
  33 orc wizards
  13 worker ants
  8 iguanas
  Terence (D:3)
  Natasha (twice) (D:4)
  10 sheep
  2 hound skeletons
  16 gnolls
  3 shadow imps
  28 adders
  77 river rats
  2 oozes
  3 worms
  3 giant geckos
  177 orcs
  2 ball pythons
  4 giant cockroaches
  15 goblins
  16 hobgoblins
  13 jackals
  23 kobolds
  4 quokkas
  10 bats
  A giant gecko zombie (D:8)
  7 giant newts
  A jackal skeleton (D:8)
  15 rats
  5 briar patches (Swamp:2)
  8 fungi
  6 plants
1683 creatures vanquished.

Vanquished Creatures (collateral kills)
  2 hydras
  A water moccasin (Lair:4)
3 creatures vanquished.

Vanquished Creatures (others)
  A vault warden (Vaults:3)
  A yaktaur captain (Vaults:2)
  An ogre mage (Vaults:3)
  An orc knight (Orc:4)
  A deep troll (Vaults:3)
  An ironbrand convoker (Vaults:3)
  A sphinx zombie (Vaults:4)
  A wolf spider (Vaults:1)
  A tengu skeleton (Vaults:4)
  2 yaktaurs
  A fire vortex (Vaults:3)
  A two-headed ogre (Vaults:3)
  A salamander skeleton (Vaults:4)
  An ogre (Vaults:3)
  2 orcs (Orc:1)
  A briar patch (Swamp:2)
  23 fungi
  10 plants (Lair:5)
51 creatures vanquished.

Grand Total: 1737 creatures vanquished

Notes
Turn   | Place    | Note
--------------------------------------------------------------
     0 | D:1      | Zwobot the Hill Orc Gladiator began the quest for the Orb.
     0 | D:1      | Reached XP level 1. HP: 18/18 MP: 1/1
   309 | D:1      | Reached XP level 2. HP: 22/25 MP: 2/2
   686 | D:2      | Noticed Ijyb
   722 | D:2      | Reached skill level 5 in Axes
   751 | D:2      | Killed Ijyb
   751 | D:2      | Reached XP level 3. HP: 31/31 MP: 3/3
   842 | D:2      | Reached XP level 4. HP: 34/38 MP: 4/4
  1305 | D:3      | Noticed Terence
  1339 | D:3      | Killed Terence
  1339 | D:3      | Reached skill level 6 in Axes
  1371 | D:3      | Noticed an ice beast
  1381 | D:3      | Killed an ice beast
  1381 | D:3      | Reached skill level 7 in Axes
  1381 | D:3      | Reached XP level 5. HP: 46/46 MP: 5/5
  1480 | D:3      | Noticed Vikmgn's ghost (average HOFi)
  1481 | D:3      | Found a burning altar of Makhleb.
  1509 | D:3      | Killed Vikmgn's ghost
  1509 | D:3      | Reached skill level 8 in Axes
  1509 | D:3      | Reached XP level 6. HP: 55/55 MP: 6/6
  1631 | D:3      | Found a stormy altar of Qazlal.
  1640 | D:3      | Reached skill level 5 in Fighting
  1641 | D:3      | Found a white marble altar of Elyvilon.
  1653 | D:3      | Became a worshipper of Makhleb the Destroyer
  2061 | D:4      | Reached XP level 7. HP: 61/61 MP: 7/7
  2066 | D:4      | Reached skill level 9 in Axes
  2306 | D:4      | Acquired Makhleb's first power
  2374 | D:4      | Noticed Natasha
  2380 | D:4      | Killed Natasha
  2424 | D:4      | Found an opulent altar of Gozag.
  2648 | D:4      | Found a shattered altar of Ashenzari.
  2648 | D:4      | Noticed Natasha
  2653 | D:4      | Killed Natasha
  2732 | D:4      | Found a staircase to the Ecumenical Temple.
  2769 | Temple   | Entered the Ecumenical Temple
  2895 | D:4      | Acquired Makhleb's second power
  2916 | D:5      | Entered Level 5 of the Dungeon
  2957 | D:5      | Found a basalt altar of Yredelemnul.
  3135 | D:5      | Noticed Sigmund
  3144 | D:5      | Killed Sigmund
  3144 | D:5      | Reached skill level 10 in Axes
  3144 | D:5      | Reached skill level 1 in Armour
  3144 | D:5      | Reached XP level 8. HP: 67/70 MP: 8/8
  3505 | D:5      | Found a glowing golden altar of the Shining One.
  3697 | D:5      | Found Wane's Food Boutique.
  3775 | D:6      | Found a shimmering altar of Xom.
  3775 | D:6      | Noticed Blork the orc
  3786 | D:6      | Killed Blork the orc
  4108 | D:6      | Reached skill level 11 in Axes
  4380 | D:6      | Acquired Makhleb's third power
  4404 | D:6      | Noticed Crazy Yiuf
  4412 | D:6      | Killed Crazy Yiuf
  4450 | D:6      | Noticed Eustachio
  4508 | D:6      | Killed Eustachio
  4710 | D:6      | Reached XP level 9. HP: 59/79 MP: 9/9
  5099 | D:6      | Reached skill level 12 in Axes
  5103 | D:6      | Noticed Edmund
  5127 | D:6      | Killed Edmund
  5692 | D:7      | Acquired Makhleb's fourth power
  6099 | D:7      | Reached skill level 5 in Armour
  6351 | D:7      | Reached skill level 13 in Axes
  6692 | D:7      | Identified a scroll of acquirement
  6693 | D:7      | Got a jewelled war axe
  6694 | D:7      | Identified the +10 war axe of the Goat {chop, rN+ Dex+4 SInv} (You acquired it on level 7 of the Dungeon)
  6977 | D:8      | Found a glowing golden altar of the Shining One.
  7121 | D:8      | Reached XP level 10. HP: 80/91 MP: 10/10
  7607 | D:9      | Acquired Makhleb's fifth power
  7655 | D:9      | Reached skill level 14 in Axes
  7800 | D:9      | Found Roysch's Book Shop.
  8018 | D:9      | Found a sparkling altar of Nemelex Xobeh.
  8129 | D:9      | Found Apeiwyal's Antique Armour Boutique.
  8134 | D:9      | Bought a steaming troll leather armour for 540 gold pieces
  8144 | D:9      | Identified the +4 troll leather armour "Papp" {rC+ MR+ Regen+} (You bought it in a shop on level 9 of the Dungeon)
  8234 | D:10     | Entered Level 10 of the Dungeon
  8246 | D:10     | Noticed a hill giant
  8255 | D:10     | Killed a hill giant
  8286 | D:10     | Noticed an ice statue
  8363 | D:10     | Noticed Sonja
  8368 | D:10     | Noticed Sonja
  8368 | D:10     | Sonja changed into Sonja the human
  8373 | D:10     | Killed Sonja the human
  8452 | D:10     | Found a staircase to the Lair.
  8457 | D:10     | Reached skill level 1 in Evocations
  8466 | D:10     | Reached skill level 10 in Fighting
  8473 | D:10     | Reached skill level 15 in Axes
  8522 | D:10     | Noticed an unseen horror
  8525 | D:10     | Killed an unseen horror
  8525 | D:10     | Reached XP level 11. HP: 100/100 MP: 11/13
  8654 | D:10     | Noticed a hill giant
  8661 | D:10     | Killed a hill giant
  8941 | Lair:1   | Entered Level 1 of the Lair of Beasts
  9246 | Lair:1   | Reached skill level 5 in Evocations
  9332 | Lair:1   | Reached skill level 1 in Invocations
  9336 | Lair:1   | Reached skill level 16 in Axes
  9442 | Lair:1   | Noticed Erica
  9446 | Lair:1   | Killed Erica
  9844 | Lair:2   | Reached XP level 12. HP: 103/110 MP: 15/15
  9852 | Lair:2   | Got a translucent hand axe
  9895 | Lair:2   | Noticed a six-headed hydra
  9903 | Lair:2   | Killed a six-headed hydra
  9909 | Lair:2   | Found a sacrificial altar of Ru.
  9910 | Lair:2   | Found a labyrinth entrance.
  9920 | Lab      | Entered a labyrinth
 10143 | Lab      | Noticed a minotaur
 10153 | Lab      | Killed a minotaur
 10191 | Lab      | Identified the Volume of the Helpful Voyage (You found it in a labyrinth)
 10433 | Lair:2   | Reached skill level 17 in Axes
 10448 | Lair:2   | Reached skill level 5 in Invocations
 11224 | Lair:3   | Found a white marble altar of Elyvilon.
 11735 | Lair:3   | Noticed a six-headed hydra
 11741 | Lair:3   | Killed a six-headed hydra
 11741 | Lair:3   | Reached skill level 18 in Axes
 11834 | Lair:3   | Found a staircase to the Swamp.
 11988 | Lair:3   | Reached skill level 10 in Armour
 12301 | Lair:4   | Gained mutation: Your flesh is cold resistant. [potion of beneficial mutation]
 12307 | Lair:4   | Reached XP level 13. HP: 116/119 MP: 16/16
 12619 | Lair:4   | Found a hole to the Spider Nest.
 12919 | Lair:4   | Noticed a seven-headed hydra
 12930 | Lair:4   | Killed an eight-headed hydra
 12930 | Lair:4   | Reached skill level 19 in Axes
 14368 | Lair:5   | Identified the Papyrus of Augmentations (You found it on level 5 of the Lair of Beasts)
 14730 | Lair:6   | Reached skill level 20 in Axes
 15018 | Lair:6   | Reached XP level 14. HP: 103/129 MP: 17/17
 15435 | Lair:6   | Noticed Kirke
 15447 | Lair:6   | Killed Kirke
 16541 | Lair:7   | Reached skill level 5 in Dodging
 17157 | Lair:8   | Entered Level 8 of the Lair of Beasts
 17352 | Lair:1   | Learned a level 3 spell: Regeneration
 17768 | Lair:8   | Identified the Catalogue of Stones and Moulding
 18058 | Lair:8   | Reached skill level 15 in Fighting
 18115 | Lair:8   | Reached XP level 15. HP: 113/141 MP: 18/18
 18314 | Lair:8   | Found a viscous altar of Jiyva.
 18314 | Lair:8   | Found a staircase to the Slime Pits.
 18563 | Lair:8   | Found a burning altar of Makhleb.
 18782 | Lair:8   | Found a gateway to Hell.
 19044 | D:11     | Found a staircase to the Orcish Mines.
 19222 | D:11     | Found Syuleg's General Store.
 19225 | D:11     | Bought a scroll of identify for 32 gold pieces
 19761 | Orc:1    | Entered Level 1 of the Orcish Mines
 20440 | D:9      | Bought the +0 mask of the Dragon {MR+ Slay+3 SInv} for 901 gold pieces
 20706 | Orc:2    | Found a bloodstained altar of Trog.
 21302 | Orc:3    | Found a staircase to the Elven Halls.
 21925 | Orc:4    | Entered Level 4 of the Orcish Mines
 21982 | Orc:4    | Found Xest's Antique Weapon Boutique.
 22512 | Orc:4    | Found Bazuaff's General Store.
 22512 | Orc:4    | Found Ewniy's Magic Scroll Emporium.
 22519 | Orc:4    | Found Gipoiril's Gadget Shoppe.
 22528 | Orc:4    | Found Xint's Antique Weapon Shop.
 23107 | D:9      | Bought a transparent plate armour for 756 gold pieces
 23117 | D:9      | Identified the cursed +1 plate armour of Purpose {Regen+} (You bought it in a shop on level 9 of the Dungeon)
 23124 | D:9      | Bought a glowing plate armour for 621 gold pieces
 23332 | Spider:1 | Entered Level 1 of the Spider Nest
 23994 | Spider:1 | You fall through a shaft!
 25609 | Spider:3 | Noticed Wiglaf
 25635 | Spider:2 | Reached XP level 16. HP: 120/151 MP: 19/19
 25752 | Spider:3 | Killed Wiglaf
 26124 | Spider:3 | Reached skill level 10 in Dodging
 26325 | Spider:4 | Entered Level 4 of the Spider Nest
 26449 | Spider:4 | Noticed Arachne
 26492 | Spider:4 | Killed Arachne
 26880 | Spider:4 | Got a distressingly furry plate armour
 26891 | Spider:4 | Identified the cursed +1 plate armour "Vympubbi" {rC+++ Regen+ MP+9 Str-5} (You found it on level 4 of the Spider Nest)
 27619 | Spider:4 | Reached skill level 15 in Armour
 28629 | Spider:4 | Got a gossamer rune of Zot
 28851 | Swamp:1  | Entered Level 1 of the Swamp
 29036 | Swamp:1  | Reached XP level 17. HP: 151/163 MP: 20/20
 29053 | Swamp:1  | Reached skill level 5 in Throwing
 29263 | Swamp:1  | Got a bone hunting sling
 29264 | Swamp:1  | Identified the +0 hunting sling "Kyunn" {flame, rElec rN+} (You found it on level 1 of the Swamp)
 29268 | Swamp:1  | Noticed Aizul
 29280 | Swamp:1  | Killed Aizul
 30734 | Swamp:3  | Found a shimmering altar of Xom.
 31448 | Swamp:4  | Entered Level 4 of the Swamp
 31991 | D:12     | Noticed Bull's ghost (powerful MiFi)
 32006 | D:12     | Killed Bull's ghost
 32157 | D:12     | Found a stormy altar of Qazlal.
 32234 | D:12     | Noticed Charly's ghost (experienced DsMo)
 32246 | D:12     | Killed Charly's ghost
 33043 | D:13     | Found Ostacsydgh's Antique Weapon Shop.
 33049 | D:13     | Bought a bloodstained battleaxe for 310 gold pieces
 33055 | D:13     | Identified the +2 battleaxe "Grim" {chop, Str+4 Int+2 Stlth+} (You bought it in a shop on level 13 of the Dungeon)
 33764 | D:14     | Noticed Rupert
 33780 | D:14     | Killed Rupert
 33921 | D:14     | Reached skill level 1 in Stealth
 33921 | D:14     | Reached XP level 18. HP: 146/178 MP: 21/21
 34108 | D:14     | Found a gate to the Vaults.
 34525 | D:15     | Entered Level 15 of the Dungeon
 34616 | D:15     | Reached skill level 5 in Stealth
 34653 | D:15     | Found a shadowy altar of Dithmenos.
 34926 | D:15     | Found a huge runed gate.
 34926 | D:15     | Found a huge runed gate.
 34926 | D:15     | Found a huge runed gate.
 34926 | D:15     | Found a huge runed gate.
 34927 | D:15     | Found a huge runed gate.
 34935 | D:15     | Found a huge runed gate.
 34935 | D:15     | Found a huge runed gate.
 34935 | D:15     | Found a huge runed gate.
 34935 | D:15     | Found a huge runed gate.
 34936 | D:15     | Found a huge runed gate.
 34937 | D:15     | Found a huge runed gate.
 34951 | D:15     | Found a huge runed gate.
 34952 | D:15     | Found a huge runed gate.
 35109 | D:15     | Reached skill level 1 in Charms
 35109 | D:15     | Reached skill level 1 in Necromancy
 35449 | D:15     | Found a staircase to the Depths.
 35524 | D:15     | Found a huge runed gate.
 35525 | D:15     | Found a huge runed gate.
 35534 | D:15     | Found a huge runed gate.
 35534 | D:15     | Found a huge runed gate.
 35590 | D:15     | Found a huge runed gate.
 35594 | D:15     | Found a huge runed gate.
 35672 | D:15     | Found a huge runed gate.
 35673 | D:15     | Found a huge runed gate.
 35674 | D:15     | Found a huge runed gate.
 35693 | D:15     | Found a huge runed gate.
 35693 | D:15     | Found a huge runed gate.
 35693 | D:15     | Found a huge runed gate.
 35693 | D:15     | Found a huge runed gate.
 35757 | D:15     | Found a huge runed gate.
 35759 | D:15     | Found a huge runed gate.
 35760 | D:15     | Found a huge runed gate.
 35760 | D:15     | Found a huge runed gate.
 35761 | D:15     | Found a huge runed gate.
 35762 | D:15     | Found a huge runed gate.
 35762 | D:15     | Found a huge runed gate.
 35763 | D:15     | Found a huge runed gate.
 36428 | Vaults:1 | Entered Level 1 of the Vaults
 36677 | Vaults:1 | Reached skill level 5 in Necromancy
 36756 | Vaults:1 | Reached skill level 5 in Charms
 36767 | Vaults:1 | Reached XP level 19. HP: 180/185 MP: 22/22
 37315 | Vaults:1 | Noticed Saint Roka
 37344 | Vaults:1 | Killed Saint Roka
 37564 | Vaults:1 | Paralysed by a hornet for 3 turns
 38298 | Vaults:2 | Got a faintly glowing troll leather armour
 38309 | Vaults:2 | Identified the cursed +1 troll leather armour of Kefic {*Drain rPois rF+ Regen+} (You found it on level 2 of the Vaults)
 38524 | Vaults:2 | Found a staircase to the Crypt.
 39704 | Vaults:3 | Reached XP level 20. HP: 193/195 MP: 23/23
 39785 | Vaults:3 | Noticed Mennas
 40202 | Vaults:3 | Found a staircase to the Crypt.
 40776 | Vaults:4 | Found a portal to a secret trove of treasure.
 40788 | Vaults:4 | Found Tuavuf's Antique Armour Emporium.
 40795 | Vaults:4 | Bought a pair of faintly glowing boots for 399 gold pieces
 40795 | Vaults:4 | Bought a pair of runed gloves for 189 gold pieces
 40806 | Vaults:4 | Identified the cursed +0 pair of boots of the Grue {rN+ Int-3 Dex+5} (You bought it in a shop on level 4 of the Vaults)
 40957 | Vaults:4 | Reached skill level 21 in Fighting
 41447 | Vaults:4 | Reached skill level 10 in Necromancy
 42101 | Vaults:3 | Noticed Norris
 42126 | Vaults:3 | Killed Norris
 42254 | Vaults:3 | Reached XP level 21. HP: 141/205 MP: 24/24
 42267 | Vaults:3 | Shot with a bolt of penetration by a vault sentinel

Vault maps used:
D:1:      denvon_arrival_planthouse
D:2:      first_bread, uniq_iyjb
D:3:      grunt_temple_overflow_open, grunt_ministairs_5, uniq_terence
D:4:      grunt_gozag_breadcrumbs, temple_hall, cheibrodos_ashenzari_chains,
          uniq_natasha
D:5:      lemuel_doored_altar, kennysheep_mini, serial_shops, shop_statue,
          uniq_sigmund
D:6:      xom_teletrap_fun, patterned_corridor, uniq_eustachio,
          uniq_crazy_yiuf_cottage, uniq_edmund, uniq_blork_the_orc
D:8:      the_bakery, tso_altar
D:9:      nemelex_deck, serial_shops, shop, kennysheep_little_box
D:10:     lemuel_ice_statue, lair_0_dummy, pond, uniq_sonja
D:11:     david_orc_1_choice, serial_shops, nicolae_shop_behind_doors
D:12:     grunt_qazlal_sundering
D:13:     serial_shops, shop
D:14:     david_vaults_1, minmay_misc_feat_plants, uniq_rupert
D:15:     hangedman_depths_entry_try_elsewhere_first, lemuel_round_altar,
          door_vault
Temple:   triangle_lava_temple_11
Lair:1:   uniq_erica
Lair:2:   basic_altar, lab_entry_generic, special_room, serial_bayou_crossing,
          serial_bayou_shore_b, grunt_megastairs_3
Lair:3:   minmay_swamp_entry_worms, basic_altar
Lair:4:   lemuel_reptile_caves, nicolae_spider_entry_tight_spaces,
          serial_bayou_shore_b, infiniplex_staircase_pool_2
Lair:5:   mu_elephants_graveyard
Lair:6:   beast_lair_carwin_2, serial_bayou_shore_a, uniq_kirke
Lair:7:   slaughterhouse, hibernation_bobbens
Lair:8:   evil_forest, dpeg_slime_entry_enclosed_altar
Swamp:1:  evilmike_swamp_ruin_house_4, uniq_aizul
Swamp:2:  hangedman_swamp_pad, swamp_pool2, infiniplex_staircase_pool
Swamp:3:  nicolae_swamp_godswood, swamp_pool3
Swamp:4:  swamp_alternative
Spider:3: uniq_wiglaf
Spider:4: spider_rune_water, uniq_arachne
Orc:1:    rock_pile
Orc:2:    trog_hazing_becter
Orc:3:    nicolae_orc_pool_cavern
Orc:4:    st_orc_rangers, serial_shops, nicolae_shop_trees
Vaults:1: v_rooms_3, nicolae_vaults_three_branches, v_misc_22,
          hangedman_vaults_stream, v_misc_17, ontoclasm_vaults_ring_small,
          vaults_dpeg_ring, nicolae_vaults_little_squares_2, v_misc_28,
          st_octagons_1, nicolae_vaults_hallways_thing, v_misc_33,
          hangedman_vaults_impose, nicolae_vaults_little_squares_2,
          uniq_saint_roka
Vaults:2: vaults_room_fours, v_alt_pattern_4, v_pattern_5, vaults_room_fours,
          minmay_crypt_entry_simple_plaza, vaults_mumra_minichess,
          vaults_standard_mumra_lines, v_alt_pattern_2,
          nicolae_vaults_diagonal_hallway_7,
          hangedman_vaults_stretched_pinwheel, vaults_room_hallway, v_misc_8,
          vaults_room_pool, nicolae_vaults_little_squares_3
Vaults:3: v_misc_28, grunt_vaults_twisty, nicolae_vaults_gold_heap,
          vaults_room_door_ring, st_smaller_cells, vaults_standard_mumra_x,
          dummy_crypt_entry, uniq_mennas, uniq_norris
Vaults:4: dpeg_vaults_monster_box, nicolae_vaults_sealed_display, v_misc_27,
          nicolae_vaults_border_crossing, v_misc_4, grunt_vaults_diagonal,
          nicolae_vaults_statue_guard, v_pattern_2, vaults_mumra_chevron,
          v_misc_17, enter_trove_1, serial_shops, shop
Lab:      nicolae_lab_dead_adventurers, nicolae_lab_arrow

Action                   |  1- 3 |  4- 6 |  7- 9 | 10-12 | 13-15 | 16-18 | 19-21 || total
-------------------------+-------+-------+-------+-------+-------+-------+-------++-------
Melee: War axe           |    63 |    84 |   537 |   326 |       |       |       ||  1010
       Battleaxe         |       |       |       |   122 |  1409 |  1377 |  1284 ||  4192
 Fire: Blowgun           |       |       |     3 |     4 |    26 |    61 |       ||    94
Throw: Throwing net      |       |     1 |       |       |       |       |     3 ||     4
       Tomahawk          |       |       |     9 |       |       |       |       ||     9
       Javelin           |       |       |       |     9 |    21 |    28 |     3 ||    61
 Cast: Regeneration      |       |       |       |       |       |       |     7 ||     7
Invok: Lesser Servant of |       |       |       |       |     4 |     4 |       ||     8
 Abil: Evoke Berserk Rag |       |     3 |     4 |     2 |     1 |     2 |       ||    12
Evoke: Wand              |       |       |     5 |     8 |    21 |    22 |     6 ||    62
       Phantom mirror    |       |       |       |     1 |       |       |       ||     1
       Box of beasts     |       |       |       |       |     3 |       |       ||     3
       Sack of spiders   |       |       |       |       |       |       |     1 ||     1
  Use: Scroll            |       |       |    20 |    10 |    21 |    13 |    15 ||    79
       Potion            |       |       |       |     2 |     1 |     7 |     3 ||    13
 Stab: Held in net/web   |       |     1 |       |       |       |     1 |     1 ||     3
       Sleeping          |       |       |       |     4 |    10 |     4 |     7 ||    25
       Distracted        |       |       |       |       |     3 |     2 |     1 ||     6
       Invisible         |       |       |       |       |     3 |     1 |       ||     4
  Eat: Chunk             |       |     2 |    17 |     9 |    25 |    12 |    18 ||    83
       Bread ration      |       |     1 |       |       |     3 |     4 |     1 ||     9
       Beef jerky        |       |       |     1 |     2 |     1 |     3 |       ||     7
       Fruit             |       |       |       |     4 |       |     9 |       ||    13
       Pizza             |       |       |       |     2 |     1 |       |       ||     3
       Royal jelly       |       |       |       |     1 |     3 |     3 |       ||     7
